 Dungeon Crawl Stone Soup version 0.27-a0-334-g52645ef (webtiles) character file.

Game seed: 14094830866368869312

631 Blackhawk the Skirmisher (level 7, -1/93 HPs)
             Began as a Minotaur Berserker on Feb 13, 2021.
             Was a Priest of Trog.
             Slain by an orc priest
             ... wielding a +0 club
              (5 damage)
             ... on level 6 of the Dungeon.
             The game lasted 00:06:21 (4751 turns).

Blackhawk the Skirmisher (Minotaur Berserker)       Turns: 4751, Time: 00:06:22

Health: -1/93      AC: -9    Str: 23    XL:     7   Next: 24%
Magic:  0/6        EV: 12    Int:  4    God:    Trog [***...]
Gold:   116        SH:  0    Dex: 10    Spells: 6/6 levels left

rFire    . . .     SeeInvis .   a - +0 hand axe
rCold    . . .     Faith    .   (no shield)
rNeg     . . .     Spirit   +   e - +0 ring mail
rPois    .         Reflect  .   (helmet restricted)
rElec    .         Harm     .   (no cloak)
rCorr    .         Rampage  .   (no gloves)
Will     .....                  (no boots)
Stlth    ..........             c - amulet of guardian spirit
HPRegen  0.25/turn              (no ring)
MPRegen  0.10/turn              (no ring)

@: berserking (expiring), corroded, very quick
A: retaliatory headbutt, horns 2
a: Renounce Religion, Berserk, Trog's Hand


You were on level 6 of the Dungeon.
You worshipped Trog.
Trog was most pleased with you.
You visited 2 branches of the dungeon, and saw 7 of its levels.

You collected 284 gold pieces.
You spent 168 gold pieces at shops.

Inventory:

Hand Weapons
 a - a +0 hand axe (weapon)
Missiles
 q - 48 poisoned darts (quivered)
Armour
 b - a +0 animal skin
 e - a +0 ring mail (worn)
Jewellery
 c - an amulet of guardian spirit (around neck)
Wands
 m - a wand of mindburst (18)
 v - a wand of paralysis (7)
 y - a wand of iceblast (5)
Scrolls
 d - 8 scrolls of identify {unknown}
 f - 9 scrolls of teleportation {unknown}
 g - 3 scrolls of enchant armour {unknown}
 j - a scroll of blinking {unknown}
 k - 4 scrolls of amnesia {unknown}
 w - a scroll of immolation {unknown}
 A - 3 scrolls of fear {unknown}
Potions
 h - 2 potions of ambrosia {unknown}
 i - 2 potions of cancellation {unknown}
 l - 5 potions of curing {unknown}
 n - a potion of might {unknown}
 o - a potion of berserk rage {unknown}
 p - 2 potions of flight {unknown}
 r - a potion of haste {unknown}
 s - a potion of resistance {unknown}
 t - 2 potions of invisibility {unknown}
 u - 2 potions of lignification {unknown}
 x - a potion of mutation {unknown}
 z - a potion of heal wounds {unknown}


   Skills:
 + Level 5.9 Fighting
 + Level 5.9 Axes
 + Level 5.2 Armour
 + Level 4.8 Dodging


You had 6 spell levels left.
You didn't know any spells.
Your spell library was empty.

Dungeon Overview and Level Annotations

Branches:
Dungeon (6/15)             Temple (1/1) D:5

Altars:
Cheibriados
Qazlal
Sif Muna
Uskayaw
Yredelemnul

Shops:
D:4 [


Innate Abilities, Weirdness & Mutations

You reflexively headbutt those who attack you in melee.
You have a pair of horns on your head.


Message History

Beogh smites you!
* * * LOW HITPOINT WARNING * * *
Something hits you.
* * * LOW HITPOINT WARNING * * *
You hear a shout! x2
You hit something but do no damage.
Your ring mail prevents you from hitting the orc.
You hit the orc. The orc closely misses you. The orc hits you with a +0 mace.
* * * LOW HITPOINT WARNING * * *
You miss something. You slash the orc!
You kill the orc!
Trog accepts your kill.
You hit the orc.
An orc comes into view. It is wielding a +0 dagger.
The orc shouts!
The orc priest hits you with a +0 club.
* * * LOW HITPOINT WARNING * * *
Something barely misses you. The orc hits you with a +0 mace.
* * * LOW HITPOINT WARNING * * *
An orc comes into view. It is wielding a +0 dagger.
You hit the orc priest.
The orc priest is lightly wounded.
You closely miss the orc. You closely miss something.
An orc comes into view. It is wielding a +0 short sword.
The orc priest hits you with a +0 club.
* * * LOW HITPOINT WARNING * * *
You hear some strange, mumbled words.
Something tries to affect you, but you resist.
You hit the orc priest but do no damage.
The orc priest is lightly wounded.
You barely miss the orc. You miss something. The orc misses you.
You hit the orc priest but do no damage.
Your headbutt misses the orc priest.
The orc priest is lightly wounded.
You completely miss something. You hit the orc but do no damage.
A jackal skeleton comes into view.
Something hits you.
* * * LOW HITPOINT WARNING * * *
The orc priest hits you with a +0 club.
You die...

#. .. .###.###.. .
.<#.#.... Z#
....... . #....
o####.
###...######o.....
#.....#)).......#.
#..).)).@o......
#..)###.o#.#.###
#<..# #.## ..
#..†..# ..# ..#
##......... .#
......##.## #
#####..##.# ##....
###.


You could see an orc priest, 3 orcs and a jackal skeleton.

Vanquished Creatures
  An ogre (D:5)
  A centaur (D:6)
  A phantom (D:4)
  3 hounds
  2 jellies
  An iguana (D:4)
  2 orc wizards
  A hound zombie (D:5)
  3 adders
  A shadow imp (D:5)
  An adder zombie (D:5)
  3 worms
  2 dart slugs
  5 leopard geckos
  9 orcs
  A ball python (D:1)
  5 bats
  6 giant cockroaches
  9 goblins
  6 hobgoblins
  4 jackals (D:1)
  11 kobolds
  A quokka (D:3)
  3 frilled lizards
  A jackal skeleton (D:4)
  A quokka zombie (D:5)
  7 rats
91 creatures vanquished.

Vanquished Creatures (others)
  10 plants
10 creatures vanquished.

Grand Total: 101 creatures vanquished

Notes
Turn   | Place    | Note
-------+----------+-------------------------------------------
     0 | D:1      | Blackhawk the Minotaur Berserker began the quest for the
                  | Orb.
     0 | D:1      | Reached XP level 1. HP: 19/19 MP: 0/0
   327 | D:1      | You fall into a shaft and drop 1 floor!
   368 | D:1      | Reached XP level 2. HP: 27/27 MP: 1/1
   922 | D:1      | Reached ** piety under Trog
   923 | D:1      | Reached XP level 3. HP: 33/33 MP: 2/2
  2005 | D:3      | Reached XP level 4. HP: 37/41 MP: 3/3
  2619 | D:3      | Found a shimmering blue altar of Sif Muna.
  2677 | D:3      | Noticed a +0 hand axe
  2677 | D:3      | Noticed a +0 hand axe
  2683 | D:3      | Found a hide-covered altar of Uskayaw.
  2930 | D:4      | Noticed a phantom
  2945 | D:4      | Killed a phantom
  2946 | D:4      | Reached XP level 5. HP: 26/47 MP: 1/4
  3098 | D:4      | Found Woggoaps's Antique Armour Shop.
  3108 | D:4      | Bought a runed scarf for 168 gold pieces
  3159 | D:4      | Reached skill level 5 in Fighting
  3159 | D:4      | Reached skill level 5 in Axes
  3540 | D:5      | Entered Level 5 of the Dungeon
  3573 | D:5      | Reached XP level 6. HP: 53/56 MP: 3/5
  3646 | D:5      | Found a staircase to the Ecumenical Temple.
  3662 | Temple   | Entered the Ecumenical Temple
  3695 | D:5      | Reached *** piety under Trog
  3856 | D:5      | Found a stormy altar of Qazlal.
  4730 | D:6      | Reached skill level 5 in Armour
  4730 | D:6      | Reached XP level 7. HP: 55/62 MP: 4/6
  4751 | D:6      | HP: 4/93 [something (1)]
  4751 | D:6      | Slain by an orc priest

Illustrated notes

Levels and vault maps discovered:
D:1:      minmay_arrival_four_loops, layout_basic, serial_forest,
          infiniplex_forest_corner_1, infiniplex_forest_join,
          infiniplex_forest_clump_small, infiniplex_forest_lined_3,
          infiniplex_forest_lined_1, infiniplex_forest_clump_small,
          infiniplex_forest_clump_curved, infiniplex_forest_lined_room_,
          st_stairs_8
D:2:      layout_loops_ring, lexackson_kobold_supper
D:3:      layout_basic, dancing_weapons_uskayaw, old_standard_altar,
          minmay_surrounded
D:4:      layout_loops_ring, serial_shops, nicolae_shop_crystal
D:5:      layout_basic, overflow_temple_1_default,
          minmay_temple_entry_gardened_gates
D:6:      layout_rooms, pdpol_wu_jian_five_deadly_venoms,
          chequers_serial_rivers_small_b
Temple:   dpeg_chambers_temple

Skill      XL: |  1  2  3  4  5  6 |
---------------+-------------------+-----
Fighting       | 4 5 |  5.9
Axes           | 4 5 |  5.9
Armour         | 3 4 5 |  5.2
Dodging        | 3 4 |  4.8

Action                   |  1- 3 |  4- 6 |  7- 9 || total
-------------------------+-------+-------+-------++-------
Melee: Hand axe          |    82 |    99 |    11 ||   192
       Headbutt          |    16 |    23 |     2 ||    41
Invok: Berserk           |       |     1 |     1 ||     2
Armor: Ring mail         |    27 |    25 |     1 ||    53
       Animal skin       |     1 |       |       ||     1
Dodge: Dodged            |    45 |    61 |     8 ||   114

Table legend: (Time is in decaauts)
 A = Elapsed time spent in this place.
 B = Non-inter-level travel time spent in this place.
 C = Inter-level travel time spent in this place.
 D = Time resting spent in this place.
 E = Time spent auto-exploring this place.
 F = Levels seen in this place.
 G = Mean time per level.
                   A        B        C        D        E       F      G
               +--------+--------+--------+--------+--------+-----+--------+
         Total |   4774 |   4569 |    205 |     54 |   4045 |   7 |  682.0 |
       Dungeon |   4772 |   4567 |    205 |     54 |   4045 |   6 |  795.3 |
        Temple |      1 |      1 |      0 |      0 |      0 |   1 |    1.0 |
               +--------+--------+--------+--------+--------+-----+--------+

Top non-repeatable levels by time:
     D:5: 1174 daAuts
     D:1: 978 daAuts
     D:2: 977 daAuts
     D:3: 898 daAuts
     D:4: 709 daAuts
     D:6: 34 daAuts
  Temple: 1 daAuts
